 Dungeon Crawl Stone Soup version 0.29-a0-231-g945431f764 (webtiles) character file.

Game seed: 17729947583200574996

186 nevergonnagetit the Shooter (level 5, -5/37 HPs)
             Began as a Demonspawn Arcane Marksman on Feb 28, 2022.
             Killed from afar by an orc wizard (6 damage)
             ... with a puff of flame
             ... on level 3 of the Dungeon.
             The game lasted 00:06:22 (2582 turns).

nevergonnagetit the Shooter (DsAM)                  Turns: 2582, Time: 00:06:23

Health: -5/37      AC:  7    Str: 12    XL:     5   Next: 38%
Magic:  6/6        EV: 10    Int: 14    God:
Gold:   65         SH:  0    Dex: 14    Spells: 5/6 levels left

rFire   . . .      SeeInvis .   a - +0 shortbow
rCold   . . .      Faith    .   (shield currently unavailable)
rNeg    . . .      Spirit   .   f - +0 ring mail
rPois   .          Reflect  .   (no helmet)
rElec   .          Harm     .   (no cloak)
rCorr   .          Rampage  .   (no gloves)
Will    .....                   (no boots)
Stlth   ++........              (no amulet)
HPRegen 0.12/turn               (no ring)
MPRegen 0.10/turn               (no ring)

@: no status effects
A: icy blue scales 1, powered by death 2, weakness stinger 1
a: no special abilities


You were on level 3 of the Dungeon.
You visited 1 branch of the dungeon, and saw 3 of its levels.

You collected 65 gold pieces.

Inventory:

Hand Weapons
 a - a +0 shortbow (weapon)
Missiles
 g - 15 poisoned darts
Armour
 b - a +0 robe
 f - a +0 ring mail (worn)
Scrolls
 e - 2 scrolls of identify
 h - a scroll of teleportation
 j - a scroll of magic mapping {unknown}
 l - a scroll of amnesia {unknown}
 m - a scroll of immolation {unknown}
 n - a scroll of vulnerability
 p - a scroll of summoning {unknown}
Potions
 c - a potion of heal wounds {unknown}
 d - 2 potions of might
 i - 2 potions of flight
 k - a potion of curing {unknown}
 o - a potion of haste {unknown}


   Skills:
 - Level 1.2 Fighting
 + Level 3.7 Bows
 - Level 1.9 Dodging
 + Level 3.2 Stealth
 - Level 1.2 Spellcasting
 - Level 3.1 Hexes


You had 5 spell levels left.
You knew the following spells:

 Your Spells              Type           Power      Damage    Failure   Level
a - Slow                  Hex            36%        N/A       16%         1

Your spell library contained the following spells:

 Spells                   Type           Power      Damage    Failure   Level
 Inner Flame              Hex/Fire       5%         N/A       67%         3
 Portal Projectile        Hex/Tloc       10%        N/A       67%         3
 Cause Fear               Hex            4%         N/A       85%         4


Dungeon Overview and Level Annotations

Branches:
Dungeon (3/15)

Altars:
Dithmenos
Ru

Shops:
D:3 ?


Innate Abilities, Weirdness & Mutations

You are partially covered in icy blue scales. (AC +2)
You regenerate health from kills.
You have a small tail.


Message History

The orc wizard hits you but does no damage.
The orc wizard casts a spell at you. The magic dart hits you.
* * * LOW HITPOINT WARNING * * *
Unknown command.
Shoot: a) +0 shortbow
Press: ? - help, Shift-Dir - straight line, f/p - orc wizard
Aim: an orc wizard, wielding a +0 dagger and wearing a +0 robe (almost dead, 51% to hit)
You shoot an arrow.
The arrow hits the orc wizard but does no damage.
The orc wizard is almost dead.
The orc wizard points at you and mumbles some strange words.
The puff of flame hits you.
* * * LOW HITPOINT WARNING * * *
Unknown command.
Shoot: a) +0 shortbow
Press: ? - help, Shift-Dir - straight line, f/p - orc wizard
Aim: an orc wizard, wielding a +0 dagger and wearing a +0 robe (almost dead, 51% to hit)
You shoot an arrow.
The arrow closely misses the orc wizard.
The orc wizard hits you with a +0 dagger.
* * * LOW HITPOINT WARNING * * *
The orc wizard hits you but does no damage.
Shoot: a) +0 shortbow
Press: ? - help, Shift-Dir - straight line, f/p - orc wizard
Aim: an orc wizard, wielding a +0 dagger and wearing a +0 robe (almost dead, 51% to hit)
You shoot an arrow.
The arrow closely misses the orc wizard.
The orc wizard hits you but does no damage.
Shoot: a) +0 shortbow
Press: ? - help, Shift-Dir - straight line, f/p - orc wizard
Aim: an orc wizard, wielding a +0 dagger and wearing a +0 robe (almost dead, 51% to hit)
You shoot an arrow.
The arrow hits the orc wizard but does no damage.
The orc wizard is almost dead.
The orc wizard gestures at you while chanting.
You resist with some effort.
The orc wizard gestures at you while chanting.
The puff of flame hits you.
You die...

#..##.# ###.# #..##.#
#...# #..##.###.#>#
######..##.......#
##...##..######.#.#
#..#.##).# #...#
#...∩..).# ###.#
####..#.#...########.#
#...........@o.......#
#.........#.#.####.#.#
#.....†.....#.# #...#
####...######.# ###.#
#...# #.# ### #...#
#.# ##.## #.########
#.#######.#......#
#.......#§#.######


You could see an orc wizard.

Vanquished Creatures
  2 orc priests (D:3)
  An orc wizard (D:3)
  An adder (D:2)
  3 worms
  5 dart slugs
  6 orcs
  8 ball pythons
  4 bats
  4 endoplasms
  A giant cockroach (D:3)
  6 goblins
  3 hobgoblins (D:1)
  2 jackals (D:1)
  5 quokkas
  2 frilled lizards
  8 kobolds
  8 rats
69 creatures vanquished.

Notes
Turn   | Place    | Note
-------+----------+-------------------------------------------
     0 | D:1      | nevergonnagetit the Demonspawn Arcane Marksman began the
                  | quest for the Orb.
     0 | D:1      | Reached XP level 1. HP: 15/15 MP: 2/2
    63 | D:1      | Gained mutation: You regenerate a little health from kills.
                  | [demonic ancestry]
    63 | D:1      | Reached XP level 2. HP: 21/21 MP: 3/3
   594 | D:1      | Reached skill level 1 in Stealth
   609 | D:1      | Found a faded altar of an unknown god.
   617 | D:1      | Gained mutation: You are partially covered in icy blue
                  | scales. (AC +2) [demonic ancestry]
   617 | D:1      | Reached XP level 3. HP: 26/26 MP: 4/4
  1896 | D:2      | Gained mutation: You regenerate health from kills. [demonic
                  | ancestry]
  1896 | D:2      | Reached XP level 4. HP: 32/32 MP: 5/5
  2295 | D:3      | Found a sacrificial altar of Ru.
  2309 | D:3      | Gained mutation: You have a small tail. [demonic ancestry]
  2309 | D:3      | Reached XP level 5. HP: 32/37 MP: 6/6
  2433 | D:3      | Found a shadowy altar of Dithmenos.
  2460 | D:3      | Found Onuucy's Magic Scroll Boutique.
  2580 | D:3      | HP: 1/37 [orc wizard/+0 dagger (3)]
  2582 | D:3      | Killed from afar by an orc wizard

Illustrated notes

Levels and vault maps discovered:
D:1:      dpeg_arrival_line_fractal, layout_basic, ebering_ecumenical_altar_rust
D:2:      layout_basic, grunt_decor_resistance
D:3:      layout_loops_ring, nicolae_ru_great_annihilating_truth,
          grunt_dithmenos_smoke_and_mirrors, nicolae_tso_carved_into_rock,
          serial_shops, nicolae_shop_crystal, uniq_crazy_yiuf_cottage

Skill      XL: |  1  2  3  4  5 |
---------------+----------------+-----
Bows           | 2 3 |  3.7
Stealth        | 1 2 3 |  3.2
Fighting       | |  1.2
Dodging        | |  1.9
Spellcasting   | |  1.2
Hexes          | |  3.1

Action                   |  1- 3 |  4- 6 || total
-------------------------+-------+-------++-------
 Fire: Shortbow          |   129 |   132 ||   261
  Use: Scroll            |       |     4 ||     4
Armor: Ring mail         |    21 |    45 ||    66
Dodge: Dodged            |    30 |    24 ||    54

Table legend: (Time is in decaauts)
 A = Elapsed time spent in this place.
 B = Non-inter-level travel time spent in this place.
 C = Inter-level travel time spent in this place.
 D = Time resting spent in this place.
 E = Time spent auto-exploring this place.
 F = Levels seen in this place.
 G = Mean time per level.
                   A        B        C        D        E       F      G
               +--------+--------+--------+--------+--------+-----+--------+
         Total |   2711 |   2602 |    109 |    224 |   1723 |   3 |  903.7 |
       Dungeon |   2711 |   2602 |    109 |    224 |   1723 |   3 |  903.7 |
               +--------+--------+--------+--------+--------+-----+--------+

Top non-repeatable levels by time:
     D:2: 1065 daAuts
     D:1: 1026 daAuts
     D:3: 618 daAuts
